 Dungeon Crawl Stone Soup version 0.20.1-1-g8b1a95d (webtiles) character file.

17 pstr the Conjurer (level 2, -3/15 HPs)
             Began as a Kobold Conjurer on Nov 27, 2017.
             Slain by an adder (4 damage)
             ... on level 1 of the Dungeon.
             The game lasted 00:03:25 (1445 turns).

pstr the Conjurer (Kobold Conjurer)                 Turns: 1445, Time: 00:03:25

Health: -3/15      AC:  2    Str:  5    XL:     2   Next: 80%
Magic:  1/5        EV: 15    Int: 16    God:
Gold:   19         SH:  0    Dex: 15    Spells: 2/5 levels left

rFire    . . .     SeeInvis .   (weapon restricted)
rCold    . . .     Gourm    .   (shield restricted)
rNeg     . . .     Faith    .   a - +0 robe
rPois    .         Spirit   .   (no helmet)
rElec    .         Reflect  .   (no cloak)
rCorr    .         Harm     .   (no gloves)
MR       .....                  (no boots)
Stlth    ++........             (no amulet)
Regen    0.1/turn               (no ring)
MPRegen  0.1/turn               (no ring)

@: lethally poisoned (-3 -> -6), hasted, very quick
A: carnivore 3
a: no special abilities


You were on level 1 of the Dungeon.
You were not hungry.

You visited 1 branch of the dungeon, and saw 2 of its levels.

You collected 19 gold pieces.

Inventory:

Missiles
 e - 37 stones (quivered)
Armour
 a - a +0 robe (worn)
Books
 b - a book of Conjurations

   Spells                             Type                      Level
   a - Magic Dart                     Conjuration                  1
   b - Searing Ray                    Conjuration                  2
   c - Dazzling Spray                 Conjuration/Hexes            3
   d - Fulminant Prism                Conjuration/Hexes            4
   e - Force Lance                    Conjuration/Translocation    4
   f - Iskenderun's Mystic Blast      Conjuration                  4
Comestibles
 c - a meat ration


   Skills:
 + Level 2.6 Dodging
 + Level 2.8 Stealth
 + Level 2.4 Spellcasting
 + Level 4.4 Conjurations


You had 2 spell levels left.
You knew the following spells:

 Your Spells              Type           Power        Failure   Level  Hunger
a - Magic Dart            Conj           ###.         3%          1    #......
b - Searing Ray           Conj           ###...       4%          2    ###....


Dungeon Overview and Level Annotations

Branches:
Dungeon (2/15)

Altars:


Innate Abilities, Weirdness & Mutations

You are small and have problems with some larger weapons.
You are carnivorous and can eat meat at any time.


Message History

You feel as though your hastened speed will last longer.
* * * LOW HITPOINT WARNING * * *
You feel sick. The adder completely misses you.
The hobgoblin hits you with a club.
* * * LOW HITPOINT WARNING * * *
You aren't carrying any potions.
As you read the scroll labeled IVVEGYSTEINY, it crumbles to dust.
You feel blessed for a moment.
It was a scroll of remove curse.
The adder completely misses you.
You aren't carrying any potions.
As you read the scroll labeled GEILIS ZARCH, it crumbles to dust.
It is a scroll of enchant weapon.
You aren't carrying any weapons that can be enchanted.
The adder bites you but does no damage. The hobgoblin closely misses you.
You aren't carrying any potions.
As you read the scroll labeled AVYCHI FOLOY, it crumbles to dust.
It is a scroll of identify.
You don't have any unidentified items.
The adder bites you.
You die...

#...##.##..............####
#.......###............##..
#######......# #......########.#
#............# #......#........#
###.#######.## ######.#.########
#.# #############...........
#.#####..................#####
#.....#.############.###.#....
######.#......@S...............
#.......>......g...............
#.####.#.##########.#.#........
#.####.#.##########.#.#########
#.#....#.#........#.#.#<..#.โ‰ˆ##
#.#.#......#...##.#.#.#..#.##.#
#.#.#......#...##.#.#.#.###โ‰ˆโ‰ˆ#.
#.#.#......#......#.#.#..#.###.
#.#........#......#.#.##.##.#.ยง


You could see an adder and a hobgoblin.

Vanquished Creatures
  2 bats (D:1)
  A giant cockroach (D:1)
  2 goblins (D:1)
  A hobgoblin (D:1)
  3 kobolds (D:1)
  2 frilled lizards (D:1)
  6 rats
17 creatures vanquished.

Notes
Turn   | Place    | Note
-------+----------+-------------------------------------------
     0 | D:1      | pstr the Kobold Conjurer began the quest for the Orb.
     0 | D:1      | Reached XP level 1. HP: 10/10 MP: 3/3
   224 | D:1      | Reached XP level 2. HP: 15/15 MP: 1/5
   228 | D:1      | Learned a level 2 spell: Searing Ray
  1445 | D:1      | Slain by an adder

Action                   || total
-------------------------++-------
Melee: Unarmed           ||    13
 Cast: Magic Dart        ||    32
       Searing Ray       ||     8
  Use: Scroll            ||     3
       Potion            ||     2
  Eat: Chunk             ||     4
Armor: Robe              ||     2
Dodge: Dodged            ||    36
